Map: Last Fantasy LE

Players

Krystianer - Winner!

  • Race: Protoss Protoss
  • League: Master
  • Spawn Location: 3:00

Lambo

  • Race: Zerg Zerg
  • Spawn Location: 12:00

Event: FEL Cracov 2025

VOD

Have the link to the VOD?

Description

Time

  • Played on: July 27, 2025, 12:46 p.m.
  • Length: 11:06

All games in this series

Show
View Real Time Build Order
Export as new Build Order

Krystianer Protoss - Winner!

Build Orders: 1 Gate Expand, Oracle Opening, Archon Immortal 

Get SALT Encoding   

  12  0:00  Probe  
  13  0:12  Probe  
  14  0:18  Pylon  
  14  0:23  Probe  
  15  0:32  Probe  
  15  0:39  Gateway  
  15  0:40  Probe  
  16  0:46  Assimilator  
  17  0:51  Probe  
  18  1:03  Probe  
  19  1:15  Probe  
  20  1:23  Nexus  
  20  1:34  Cybernetics Core  
  20  1:36  Probe  
  21  1:42  Assimilator  
  21  1:48  Probe  
  21  1:52  Pylon  
  22  2:00  Adept, Probe  
  23  2:13  Probe  
  26  2:18  Stargate  
  26  2:20  Adept  
  26  2:25  Probe  
  27  2:32  Warp Gate  
  27  2:33  Probe  
  30  2:37  Probe  
  30  2:41  Probe  
  31  2:49  Probe  
  31  2:50  Adept  
  35  2:51  Probe  
  35  2:55  Oracle  
  36  3:01  Probe  
  36  3:03  Probe  
  41  3:09  Pylon  
  41  3:13  Probe  
  41  3:15  Probe  
  43  3:25  Probe  
  43  3:26  Oracle  
  44  3:27  Probe  
  43  3:37  Probe  
  43  3:39  Probe  
  48  3:46  Nexus  
  48  3:49  Probe  
  48  3:51  Probe  
  50  3:59  Pylon  
  50  4:00  Gateway  
  50  4:01  Probe  
  51  4:03  Probe  
  51  4:06  Assimilator  
  51  4:08  Assimilator  
  52  4:14  Probe  
  52  4:16  Probe  
  53  4:17  Twilight Council  
  53  4:20  Forge  
  54  4:26  Probe x2  
  54  4:28  Adept  
  58  4:33  Pylon  
  58  4:38  Probe x2  
  60  4:49  Probe  
  60  4:50  Probe  
  59  4:53  Adept  
  59  4:54  Probe  
  59  4:57  Adept, Probe  
  64  5:01  Protoss Ground Weapons Level 1  
  64  5:02  Charge, Probe  
  64  5:04  Robotics Facility  
  64  5:05  Probe  
  67  5:08  Probe  
  67  5:12  Gateway x2  
  68  5:14  Probe  
  68  5:16  Probe  
  68  5:20  Probe  
  71  5:26  Probe  
  68  5:28  Probe  
  68  5:31  Templar Archives  
  68  5:33  Probe, Gateway  
  68  5:35  Gateway  
  66  5:36  Assimilator  
  66  5:38  Shield Battery, Immortal  
  66  5:39  Probe, Assimilator  
  66  5:41  Probe  
  68  5:45  Probe  
  68  5:47  Zealot  
  71  5:52  Zealot  
  71  5:54  Probe  
  78  5:57  Probe  
  78  5:58  Psionic Storm  
  79  6:05  Pylon, Immortal  
  79  6:06  Gateway  
  79  6:09  Gateway  
  79  6:18  Pylon  
  83  6:19  High Templar  
  83  6:25  Shield Battery, Pylon  
  85  6:26  High Templar x2  
  85  6:32  Zealot x2  
  93  6:36  High Templar  
  93  6:37  Immortal  
  95  6:41  Photon Cannon  
  99  6:50  Gateway x2  
  99  6:53  Pylon  
  99  6:56  Protoss Ground Weapons Level 2  
  99  6:57  High Templar x2  
  103  7:02  Archon  
  103  7:04  Zealot x3  
  109  7:08  Warp Prism  
  109  7:12  Zealot x2  
  113  7:16  Probe  
  113  7:19  Pylon  
  113  7:20  Pylon  
  116  7:30  Shield Battery  
  116  7:32  Shield Battery  
  116  7:34  Immortal  
  116  7:35  Pylon  
  116  7:36  Pylon  
  113  7:38  Zealot x2  
  113  7:42  High Templar x2  
  113  7:43  Zealot x2  
  123  7:53  High Templar  
  123  7:54  High Templar  
  123  7:56  Zealot x2  
  125  8:07  Zealot x4  
  125  8:14  Immortal  
  125  8:16  Zealot x4  
  113  8:28  Zealot x6  
  116  8:37  Zealot x4  
  119  8:43  Pylon  
  119  8:45  Archon  
  115  8:49  Zealot x4  
  115  8:53  Archon  
  113  8:59  Zealot x2  
  113  9:01  Pylon  
  115  9:04  Warp Prism  
  115  9:09  High Templar x4  
  119  9:12  High Templar  
  119  9:13  High Templar  
  125  9:21  High Templar x2  
  129  9:29  Cybernetics Core  
  129  9:33  Immortal  
  129  9:35  Pylon  
  133  9:50  Zealot x4  
  133  9:52  Pylon  
  135  10:11  Zealot  
  135  10:12  Zealot x7  
  135  10:20  Zealot x2  
  125  10:34  High Templar x2  
  125  10:35  High Templar x4  
  131  10:37  Zealot x2  
  131  10:40  Archon x3  
  131  10:42  Zealot x2  
  139  10:47  Archon  
  135  10:58  Zealot x2  
Show
View Real Time Build Order
Export as new Build Order

Lambo Zerg 

Build Orders: Hatch First 

Get SALT Encoding   

  12  0:00  Drone  
  13  0:08  Drone  
  14  0:15  Extractor, Drone  
  15  0:22  Overlord  
  15  0:40  Drone  
  16  0:46  Hatchery  
  15  0:50  Drone  
  15  0:54  Drone  
  17  0:58  Drone  
  18  1:09  Extractor  
  17  1:13  Spawning Pool  
  17  1:17  Drone  
  17  1:20  Drone  
  18  1:29  Drone  
  20  1:40  Drone  
  20  1:48  Drone  
  21  2:00  Zergling x2  
  21  2:01  Queen x2  
  24  2:02  Overlord  
  26  2:10  Drone x2  
  26  2:15  Metabolic Boost  
  28  2:22  Drone x2  
  30  2:31  Drone x2  
  30  2:36  Queen  
  34  2:47  Hatchery  
  34  2:50  Overlord  
  33  2:54  Zergling x2  
  33  2:55  Zergling x2  
  33  2:57  Zergling x2  
  36  3:06  Overlord  
  36  3:11  Drone x4  
  36  3:12  Drone  
  41  3:20  Drone x3  
  41  3:24  Drone  
  42  3:31  Drone x2  
  42  3:33  Spore Crawler  
  42  3:43  Drone x5  
  42  3:44  Drone  
  47  3:49  Drone x2  
  47  3:54  Drone  
  47  4:01  Spore Crawler  
  46  4:05  Drone x3  
  46  4:07  Evolution Chamber  
  46  4:08  Queen  
  50  4:13  Drone x2  
  52  4:18  Spore Crawler  
  52  4:19  Drone x2  
  52  4:22  Spore Crawler, Drone x2  
  55  4:28  Overlord  
  55  4:32  Drone x2  
  55  4:35  Overlord  
  57  4:42  Hatchery  
  57  4:45  Extractor  
  55  4:47  Drone x3  
  56  4:53  Drone x5  
  56  4:55  Drone  
  56  4:58  Zergling x4  
  56  4:59  Zergling x2  
  65  5:00  Zergling x2  
  65  5:03  Zergling x2  
  65  5:06  Lair  
  67  5:08  Zergling x4  
  67  5:11  Baneling Nest  
  67  5:14  Zergling x2  
  69  5:19  Zergling x2  
  69  5:20  Zergling x2  
  69  5:25  Drone x4  
  69  5:28  Drone x3  
  73  5:30  Drone  
  73  5:34  Overlord  
  74  5:36  Overlord  
  74  5:38  Overlord  
  74  5:45  Extractor  
  74  5:46  Extractor, Overlord  
  74  5:47  Drone x2  
  74  5:54  Zerg Missile Weapons Level 1  
  74  5:55  Roach Warren, Drone x7  
  80  5:59  Queen, Extractor  
  80  6:00  Drone  
  80  6:02  Extractor  
  80  6:03  Drone x3  
  84  6:10  Zergling x12  
  90  6:14  Overlord  
  90  6:21  Overlord  
  90  6:22  Overlord  
  90  6:24  Overlord  
  90  6:25  Overlord  
  89  6:35  Glial Reconstitution  
  89  6:36  Roach x7  
  89  6:39  Roach x2  
  107  6:41  Roach  
  115  6:47  Roach x3  
  115  6:49  Extractor  
  115  6:51  Roach x2  
  118  6:55  Roach x3  
  118  7:00  Roach x3  
  130  7:06  Roach x2  
  135  7:11  Roach x4  
  135  7:13  Overlord  
  143  7:17  Roach x2  
  143  7:18  Roach  
  143  7:21  Overlord  
  143  7:22  Ravager x2  
  151  7:32  Ravager x8  
  151  7:33  Overlord  
  151  7:36  Overlord  
  159  7:37  Zergling x2  
  159  7:39  Overlord  
  159  7:42  Queen  
  159  7:44  Overlord x2  
  158  7:46  Zergling x8  
  158  7:47  Ravager x3  
  164  7:51  Roach x2  
  164  7:57  Roach x3  
  171  8:00  Roach x2  
  171  8:03  Zergling x8  
  172  8:08  Roach  
  172  8:09  Roach x2  
  172  8:12  Roach x2  
  179  8:14  Roach  
  179  8:19  Roach x3  
  175  8:23  Roach x2  
  166  8:27  Roach  
  166  8:28  Roach  
  166  8:32  Roach x3  
  161  8:35  Roach  
  161  8:40  Roach x2  
  153  8:41  Ravager  
  153  8:43  Roach x5  
  153  8:47  Roach, Ravager  
  153  8:48  Ravager  
  159  8:52  Roach x3  
  159  8:55  Roach  
  139  8:58  Roach  
  139  9:00  Roach  
  139  9:01  Roach  
  139  9:02  Roach  
  124  9:06  Roach x2  
  124  9:09  Roach x2  
  122  9:12  Roach  
  122  9:20  Roach  
  122  9:23  Roach x2  
  128  9:25  Roach  
  128  9:27  Ravager  
  128  9:30  Roach x2  
  135  9:34  Roach x2  
  135  9:38  Roach x2  
  143  9:42  Roach x2  
  143  9:44  Roach  
  149  9:46  Roach, Ravager x2  
  149  9:52  Roach x3  
  159  9:56  Roach x2  
  159  9:58  Roach  
  163  10:06  Roach x4  
  156  10:11  Roach x2  
  156  10:12  Roach  
  156  10:13  Ravager  
  154  10:19  Roach x2  
  150  10:24  Roach x2  
  148  10:29  Roach x2  
  148  10:33  Ravager x2  
  150  10:36  Roach  
  150  10:40  Roach x2  
  145  10:44  Roach  
  145  10:47  Roach x3  
Tags
 
Add a new tag
Caveats
  • Supply blocks, unpowered buildings, or Contaminate may cause inaccurate times.
  • Supply counts are checked every 10 seconds.